 Dungeon Crawl Stone Soup version 0.30.0-10-gfe55d96785 (webtiles) character file.

Game seed: 15365298635490436921

252 Jase the Cleaver (level 6, 0/51 HPs)
             Began as a Hill Orc Fighter on May 14, 2023.
             Was a Follower of Wu Jian.
             Killed by divine providence
             ... invoked by an orc priest
              (12 damage)
             ... on level 4 of the Dungeon on May 16, 2023.
             The game lasted 00:06:07 (2586 turns).

Jase the Cleaver (Hill Orc Fighter)                 Turns: 2586, Time: 00:06:09

Health: 0/51       AC:  8    Str: 27    XL:     6   Next: 13%
Magic:  6/6        EV:  9    Int:  8    God:    Wu Jian [*.....]
Gold:   166        SH:  4    Dex: 10    Spells: 5/5 levels left

rFire   . . .        a - +0 war axe
rCold   + . .        c - +0 buckler
rNeg    . . .        b - +0 scale mail
rPois   .            (no helmet)
rElec   .            o - +0 cloak
rCorr   .            (no gloves)
SInv    .            (no boots)
Will    .....        (no amulet) Stlth
                     f - ring of protection from cold
HPRegen 0.28/turn    v - +6 ring of strength
MPRegen 0.10/turn

%: no passive effects
@: lethally poisoned (0 -> -1)
A: no striking features
a: Renounce Religion, Convert to Beogh


You were on level 4 of the Dungeon.
You worshipped Wu Jian.
Wu Jian was aware of your devotion.
You visited 1 branch of the dungeon, and saw 4 of its levels.

You collected 166 gold pieces.

Inventory:

Hand Weapons
 a - a +0 war axe (weapon)
 m - a +2 whip of electrocution
Missiles
 n - 2 poisoned darts (quivered)
Armour
 b - a +0 scale mail (worn)
 c - a +0 buckler (worn)
 o - a +0 cloak (worn)
Jewellery
 f - a ring of protection from cold (left hand)
 v - a +6 ring of strength (right hand)
Scrolls
 j - a scroll of blinking {unknown}
 p - 3 scrolls of brand weapon {unknown}
 r - 3 scrolls of identify {unknown}
 u - a scroll of noise {unknown}
Potions
 d - a potion of might
 e - a potion of mutation {unknown}
 g - 2 potions of curing {unknown}
 h - 2 potions of heal wounds
 i - a potion of attraction {unknown}
 k - a potion of resistance {unknown}
 l - a potion of haste {unknown}
 q - 2 potions of invisibility {unknown}
 t - a potion of brilliance {unknown}


   Skills:
 - Level 3.6 Fighting
 * Level 8.3 Axes
 - Level 3.2 Armour
 - Level 3.2 Shields


You had 5 spell levels left.
You didn't know any spells.
Your spell library contained the following spells:

 Spells                   Type           Power      Damage    Failure   Level
 Inner Flame              Hex/Fire       0%         N/A       98%         3
 Yara's Violent Unravell  Hex/Tmut       0%         3d3       100%        5
 Enfeeble                 Hex            0%         N/A       100%        7


Dungeon Overview and Level Annotations

Branches:
Dungeon (4/15)
 Temple: D:4-7

Altars:
Cheibriados
Wu Jian


Message History

The scorpion is heavily wounded.
The scorpion stings you.
You are poisoned.
The scorpion poisons you! The scorpion stings you.
You hit the scorpion.
The scorpion is almost dead.
You feel very sick. The scorpion closely misses you.
You hit the scorpion.
You kill the scorpion!
The Council accepts your kill.
You feel sick.
Your Axes skill increases to level 8!
You have reached level 6!
You spin and attack the orc.
You closely miss the orc.
You feel sick. The orc hits you but does no damage.
Unknown command.
You spin to attack the orc, but your attack speed is too slow for a blow to land.
You feel sick. The orc hits you with a +0 club.
Unknown command.
The orc attacks as you move away! You block the orc's attack.
You feel sick.
Unknown command.
You slash the orc priest!
The orc priest is almost dead.
You hit the orc.
You feel sick. The orc priest closely misses you.
The orc hits you but does no damage.
You completely miss the orc priest.
The orc priest is almost dead.
You barely miss the orc.
You feel sick.
The orc priest hits you with a +0 flail!
* * * LOW HITPOINT WARNING * * *
The orc misses you.
Unknown command.
You completely miss the orc priest.
The orc priest is almost dead.
You completely miss the orc.
You feel sick.
The orc priest shouts, "Beogh is our master!
Accept the truth or die!"
The orc priest invokes the aid of Beogh against you.
Beogh smites you!
You die...

### ##### #.. ##
##...##.# ..
#######.....?##.##.#
....................
#####.....o@##.#.
#.#....#o......
###..............
#..........#.####
#=####.#.#.#.# #.#
#.#.#...# # #)#
#.#.#.... ###. #.#
#.#.#.#### #
....###.##
#.#.#.#####.#


You could see an orc priest and an orc.

Vanquished Creatures
  A centaur (D:4)
  A scorpion (D:4)
  An orc wizard (D:4)
  3 adders
  A worm (D:3)
  A dart slug (D:1)
  5 orcs (D:3)
  4 endoplasms
  8 goblins
  9 hobgoblins
  3 jackals (D:3)
  6 quokkas
  3 ball pythons
  3 bats
  2 frilled lizards
  4 kobolds
  5 rats
60 creatures vanquished.

Notes
Turn   | Place    | Note
-------+----------+-------------------------------------------
     0 | D:1      | Jase the Hill Orc Fighter began the quest for the Orb.
     0 | D:1      | Reached XP level 1. HP: 19/19 MP: 1/1
    87 | D:1      | Reached skill level 3 in Axes
   136 | D:1      | Reached XP level 2. HP: 17/26 MP: 2/2
   240 | D:1      | Reached skill level 4 in Axes
   588 | D:1      | Reached XP level 3. HP: 31/31 MP: 3/3
  1218 | D:2      | Reached skill level 5 in Axes
  1300 | D:2      | Reached XP level 4. HP: 39/39 MP: 4/4
  1434 | D:2      | Found a faded altar of an unknown god.
  1438 | D:2      | Prayed at the altar of an unknown god.
  1438 | D:2      | Became a worshipper of the Wu Jian Council
  1438 | D:2      | Reached * piety under Wu Jian
  2062 | D:3      | Reached skill level 6 in Axes
  2285 | D:3      | Found a snail-covered altar of Cheibriados.
  2470 | D:4      | Noticed a centaur
  2477 | D:4      | Killed a centaur
  2478 | D:4      | Reached skill level 7 in Axes
  2478 | D:4      | Reached XP level 5. HP: 38/45 MP: 5/5
  2581 | D:4      | Reached skill level 8 in Axes
  2581 | D:4      | Reached XP level 6. HP: 29/51 MP: 6/6
  2586 | D:4      | Killed from afar by an orc priest

Illustrated notes

Levels and vault maps discovered:
D:1:      lemuel_arrival_muddy, layout_basic, serial_glass, glass_columns_a,
          glass_columns_a, glass_columns_c, glass_columns_a,
          corexii_corridor_pit
D:2:      layout_basic, shapermc_ecumenical_altar_mp_highgroup
D:3:      layout_basic, mainiacjoe_overflow_boulevard
D:4:      layout_loops_ring

Skill      XL: |  1  2  3  4  5 |
---------------+----------------+-----
Axes           | 3 4 5 7 8 |  8.3
Fighting       | |  3.6
Armour         | |  3.2
Shields        | |  3.2

Action                     |  1- 3 |  4- 6 || total
---------------------------+-------+-------++-------
  Melee: War axe           |   103 |    71 ||   174
Ability: Lunge             |       |     5 ||     5
         Whirlwind         |       |     2 ||     2
 Armour: Scale mail        |    47 |    31 ||    78
  Dodge: Dodged            |    39 |    19 ||    58
  Block: Buckler           |    31 |    19 ||    50
